 Dungeon Crawl Stone Soup version 0.21.1-1-g345015fe64 (webtiles) character file.

331 Holzbalken the Grave Robber (level 6, -3/41 HPs)
             Began as a Mummy Necromancer on July 12, 2018.
             Was an Initiate of Vehumet.
             Slain by a phantom (8 damage)
             ... on level 3 of the Dungeon.
             The game lasted 00:27:08 (5251 turns).

Holzbalken the Grave Robber (Mummy Necromancer)     Turns: 5251, Time: 00:27:08

Health: -3/41      AC:  3    Str: 11    XL:     6   Next: 26%
Magic:  14/14      EV: 12    Int: 17    God:    Vehumet [......]
Gold:   159        SH:  0    Dex: 12    Spells: 6/16 levels left

rFire    x . .     SeeInvis .   g - +0 glaive
rCold    + . .     Gourm    .   (shield currently unavailable)
rNeg     + + +     Faith    .   a - +0 robe
rPois    ∞         Spirit   .   o - +0 helmet
rElec    .         Reflect  .   (no cloak)
rCorr    .         Harm     .   (no gloves)
MR       .....                  (no boots)
Stlth    ++........             (no amulet)
HPRegen  0.13/turn              (no ring)
MPRegen  0.14/turn              (no ring)

@: no status effects
A: no food or potions, fire vulnerability, cold resistance 1, negative energy
resistance 3, torment resistance, unbreathing
a: Renounce Religion


You were on level 3 of the Dungeon.
You worshipped Vehumet.
Vehumet was noncommittal.
You were not hungry.

You visited 1 branch of the dungeon, and saw 4 of its levels.

You collected 159 gold pieces.

Inventory:

Hand Weapons
 g - a +0 glaive (weapon)
Armour
 a - a +0 robe (worn)
 o - a +0 helmet (worn)
Scrolls
 c - 3 scrolls of remove curse
 d - a scroll of fear
 e - a scroll of blinking
 f - a scroll of fog {unknown}
 h - 4 scrolls of identify
 i - 4 scrolls of teleportation
 j - a scroll of immolation {unknown}
 k - a scroll of noise {unknown}
 l - a scroll of magic mapping
 m - a scroll of enchant weapon
 n - a scroll of amnesia {unknown}
Books
 b - a book of Necromancy

   Spells                             Type                      Level
   a - Pain                           Necromancy                   1
   b - Animate Skeleton               Necromancy                   1
   c - Vampiric Draining              Necromancy                   3
   d - Regeneration                   Charms/Necromancy            3
   e - Animate Dead                   Necromancy                   4
   f - Borgnjor's Vile Clutch         Necromancy/Earth             5


   Skills:
 - Level 1.5 Dodging
 - Level 1.5 Stealth
 + Level 5.5 Spellcasting
 + Level 5.7 Necromancy
 * Level 2.0 Earth Magic


You had 6 spell levels left.
You knew the following spells:

 Your Spells              Type           Power        Failure   Level  Hunger
a - Pain                  Necr           ###.         1%          1    N/A
b - Animate Skeleton      Necr           N/A          1%          1    N/A
c - Vampiric Draining     Necr           ###.......   3%          3    N/A
d - Borgnjor's Vile Clut  Necr/Erth      ###.......   58%         5    N/A

Dungeon Overview and Level Annotations

Branches:
Dungeon (4/15)
 Temple: D:4-7

Altars:
Ashenzari
Cheibriados
Dithmenos
Elyvilon
Gozag
Ru
Trog
Vehumet
Wu Jian
Zin

Annotations:
D:4 karakuro's ghost, amateur GrFi


Innate Abilities, Weirdness & Mutations

You do not eat or drink.
Your flesh is vulnerable to fire.
You are immune to poison.
Your flesh is cold resistant. (rC+)
You are immune to negative energy. (rN+++)
You are immune to unholy pain and torment.
You can survive without breathing.


Message History

Aim: a phantom (heavily damaged)
You hit the phantom.
The phantom is heavily damaged.
The phantom hits you but does no damage.
The phantom closely misses you.
Attack whom?
Press: ? - help, Dir - move target cursor, f/p - phantom
Aim: a phantom (heavily damaged)
You hit the phantom.
The phantom is severely damaged.
The phantom blinks!
Attack whom?
Press: ? - help, Dir - move target cursor, f/p - phantom
Aim: a phantom (severely damaged)
You barely miss the phantom.
The phantom is severely damaged.
The phantom hits you.
* * * LOW HITPOINT WARNING * * *
The phantom hits you!
You die...

#........#.......#..#.##..#
#.####(.....###.##..#.##..#
#.####.###......##..#..#..#
##...........######..##.#..#
#...#####.......# #..##.#..#
####....<.##.......#
#....!..<#
..##.......#.......#
#####.####
.....#.#...........# #.#
..##.#..........@W.# ##.#
####.......#.....§.# #..#
###.............## #.##
#.##..#.######.## #.#
##.....#.# ##...## #.#
####.....##.# ##.....###.#
#.......###.# #..........#
#.......###.# ##.....#####
##...........# ##...##


You could see a phantom.

Vanquished Creatures
  An orc priest (D:3)
  An orc wizard (D:3)
  Jessica (D:2)
  Natasha (twice) (D:2)
  A worker ant (D:4)
  Robin (D:4)
  2 adders
  4 gnolls
  An ooze (D:3)
  3 worms
  3 dart slugs
  4 leopard geckos
  7 orcs
  A ball python (D:2)
  A giant cockroach (D:2)
  13 goblins
  6 hobgoblins
  3 jackals (D:1)
  6 kobolds
  2 quokkas
  9 bats
  5 frilled lizards
  9 rats
86 creatures vanquished.

Notes
Turn   | Place    | Note
-------+----------+-------------------------------------------
     0 | D:1      | Holzbalken the Mummy Necromancer began the quest for the Orb.
     0 | D:1      | Reached XP level 1. HP: 13/13 MP: 4/4
    27 | D:1      | Learned a level 1 spell: Animate Skeleton
   290 | D:1      | Reached XP level 2. HP: 8/19 MP: 0/6
  1114 | D:2      | Reached XP level 3. HP: 24/24 MP: 5/8
  1305 | D:2      | Learned a level 3 spell: Vampiric Draining
  1312 | D:2      | Noticed Jessica
  1320 | D:2      | Killed Jessica
  1422 | D:2      | Reached XP level 4. HP: 28/30 MP: 0/10
  1552 | D:2      | Found an ornate altar of the Wu Jian Council.
  1896 | D:2      | Noticed Natasha
  1902 | D:2      | Killed Natasha
  1902 | D:2      | Reached skill level 5 in Necromancy
  2008 | D:2      | Noticed Natasha
  2017 | D:2      | Killed Natasha
  2412 | D:3      | Reached XP level 5. HP: 35/35 MP: 10/12
  2609 | D:3      | Learned a level 5 spell: Borgnjor's Vile Clutch
  2678 | D:3      | Reached skill level 5 in Spellcasting
  2833 | D:3      | Reached skill level 1 in Earth Magic
  3126 | D:3      | Found a snail-covered altar of Cheibriados.
  3545 | D:4      | Found a shattered altar of Ashenzari.
  3545 | D:4      | Found a shadowy altar of Dithmenos.
  3545 | D:4      | Found a radiant altar of Vehumet.
  3547 | D:4      | Found a glowing silver altar of Zin.
  3547 | D:4      | Found a white marble altar of Elyvilon.
  3549 | D:4      | Found a bloodstained altar of Trog.
  3549 | D:4      | Found a sacrificial altar of Ru.
  3550 | D:4      | Found an opulent altar of Gozag.
  3556 | D:4      | Noticed karakuro's ghost (amateur GrFi)
  3720 | D:4      | Became a worshipper of Vehumet
  3867 | D:4      | Noticed Robin
  3874 | D:4      | Killed Robin
  4165 | D:4      | Reached XP level 6. HP: 41/41 MP: 9/14
  5251 | D:3      | Slain by a phantom

Skill      XL: |  1  2  3  4  5  6 |
---------------+-------------------+-----
Spellcasting   | 3 4 5 |  5.5
Necromancy     | 5 |  5.7
Earth Magic    | 1 2 |  2.0
Dodging        | |  1.5
Stealth        | |  1.5

Action                   |  1- 3 |  4- 6 || total
-------------------------+-------+-------++-------
Melee: Short sword       |    14 |     5 ||    19
       Glaive            |       |    29 ||    29
 Cast: Pain              |    57 |   148 ||   205
       Animate Skeleton  |     1 |       ||     1
       Vampiric Draining |     2 |     1 ||     3
  Use: Scroll            |       |     6 ||     6
Armor: Robe              |     7 |    13 ||    20
Dodge: Dodged            |    18 |    42 ||    60
